 Dungeon Crawl Stone Soup version 0.30-a0-305-g026cb31310 (webtiles) character file.

Game seed: 4078407943609867225

1301 Iusername the Trooper (level 8, -6/73 HPs)
             Began as a Minotaur Fighter on Oct 21, 2022.
             Was an Initiate of Gozag.
             Mangled by a two-headed ogre
             ... wielding a +0 dire flail
              (19 damage)
             ... on level 6 of the Dungeon.
             The game lasted 00:10:06 (4564 turns).

Iusername the Trooper (Minotaur Fighter)            Turns: 4564, Time: 00:10:06

Health: -6/73      AC:  9    Str: 23    XL:     8   Next: 31%
Magic:  7/7        EV:  9    Int:  5    God:    Gozag
Gold:   244        SH:  5    Dex: 10    Spells: 7/7 levels left

rFire   . . .      SeeInvis .    a - +3 war axe
rCold   . . .      Faith    .    c - +0 buckler
rNeg    . . .      Spirit   .    b - +0 scale mail
rPois   .          Reflect  .    (helmet restricted)
rElec   .          Harm     .    (no cloak)
rCorr   .          Rampage  .    j - +0 pair of gloves
Will    .....                    (no boots)
Stlth   ..........               (no amulet)
HPRegen 0.32/turn                (no ring)
MPRegen 0.10/turn                (no ring)

@: mighty
A: horns 2, retaliatory headbutt
a: Renounce Religion, Potion Petition, Call Merchant, Bribe Branch


You were on level 6 of the Dungeon.
You worshipped Gozag.
Gozag was aware of your devotion.
You visited 1 branch of the dungeon, and saw 6 of its levels.
You also visited: Ossuary.

You collected 354 gold pieces.
You paid 110 gold pieces to Gozag.

Inventory:

Hand Weapons
 a - a +3 war axe (weapon)
Missiles
 s - a throwing net (quivered)
Armour
 b - a +0 scale mail (worn)
 c - a +0 buckler (worn)
 j - a +0 pair of gloves (worn)
Jewellery
 l - a +4 ring of evasion
 o - a ring of resist corrosion
 q - a +6 ring of intelligence
 t - a ring of magical power
 w - a ring of protection from cold
 x - a +4 ring of evasion
 y - a ring of protection from fire
 E - a +6 ring of intelligence
Wands
 u - a wand of polymorph (4)
Scrolls
 e - a scroll of noise
 f - 2 scrolls of fear
 g - a scroll of magic mapping
 i - 3 scrolls of teleportation {unknown}
 r - a scroll of fog
 D - a scroll of vulnerability {unknown}
Potions
 d - 2 potions of degeneration {unknown}
 h - a potion of haste {unknown}
 k - 4 potions of brilliance
 m - a potion of flight
 p - 4 potions of invisibility
 v - a potion of magic
 z - 4 potions of mutation {unknown}
 A - 2 potions of attraction {unknown}
 B - a potion of lignification {unknown}
 C - a potion of heal wounds {unknown}


   Skills:
 + Level 7.0 Fighting
 + Level 6.5 Axes
 + Level 7.0 Armour
 + Level 7.0 Shields


You had 7 spell levels left.
You didn't know any spells.
Your spell library contained the following spells:

 Spells                   Type           Power      Damage    Failure   Level
 Blink                    Tloc           0%         N/A       93%         2
 Momentum Strike          Conj/Tloc      0%         3d8       93%         2
 Scorch                   Fire           0%         2d5       93%         2
 Lesser Beckoning         Tloc           0%         N/A       99%         3
 Flame Wave               Conj/Fire      0%         2d4       100%        4
 Passage of Golubria      Tloc           0%         N/A       100%        4
 Alistair's Intoxication  Tmut/Pois      0%         N/A       100%        5
 Borgnjor's Vile Clutch   Necr/Erth      0%         N/A       100%        5
 Silence                  Hex/Air        0%         N/A       100%        5
 Eringya's Noxious Bog    Tmut/Pois      0%         N/A       100%        6
 Summon Cactus Giant      Summ           0%         N/A       100%        6
 Lehudib's Crystal Spear  Conj/Erth      0%         10d2      100%        8


Dungeon Overview and Level Annotations

Branches:
Dungeon (6/15)            Ossuary (visited)
 Temple: D:4-7

Altars:
Gozag
Sif Muna


Innate Abilities, Weirdness & Mutations

You have a pair of horns on your head.
You reflexively headbutt those who attack you in melee.


Message History

You now have 224 gold pieces (gained 6).
You now have 236 gold pieces (gained 12).
An ufetubus comes into view.
Found a stone staircase leading up.
You block the ufetubus's attack.
The ufetubus hits you but does no damage.
You slash the ufetubus!
You kill the ufetubus!
No target in view!
No target in view!
Found a scroll labelled HERUJU TEUR.
You now have 244 gold pieces (gained 8).
Found 4 stones.
A two-headed ogre comes into view.
It is wielding a +0 dire flail and a +0 giant club.
The two-headed ogre shouts in stereo!
You see here a scroll labelled HERUJU TEUR.
You feel very mighty all of a sudden.
Okay, then.
The two-headed ogre hits you with a +0 dire flail!!
The two-headed ogre hits you with a +0 giant club!
You slash the two-headed ogre!
The two-headed ogre is lightly wounded.
You slash the two-headed ogre!
The two-headed ogre is moderately wounded.
You block the two-headed ogre's attack.
The two-headed ogre hits you but does no damage.
You barely miss the two-headed ogre.
The two-headed ogre is moderately wounded.
The two-headed ogre hits you with a +0 dire flail!
The two-headed ogre barely misses you.
You slash the two-headed ogre!
The two-headed ogre is heavily wounded.
The two-headed ogre barely misses you.
The two-headed ogre hits you with a +0 giant club!!
* * * LOW HITPOINT WARNING * * *
You slash the two-headed ogre!
The two-headed ogre is almost dead.
The two-headed ogre barely misses you.
The two-headed ogre hits you with a +0 giant club!!
You die...
Your body crumbles into a pile of gold.

###......... $
##............
##.............
#..............
#..............
##.............
#.........<...
##...?........
#....@O..(...
###..........
###........
#..#.....
#..###### ##..
..# ..# ..#


You could see a two-headed ogre.

Vanquished Creatures
  A black bear (D:5)
  An ice beast (D:5)
  An ogre (D:5)
  3 necrophages
  5 scorpions
  A centaur zombie (Ossuary)
  2 human zombies (Ossuary)
  2 hounds
  2 iguanas (D:4)
  2 orc wizards (D:3)
  Terence (D:3)
  2 mummies (Ossuary)
  3 gnolls (D:3)
  5 adders
  4 ufetubi
  2 adder zombies
  An adder skeleton (D:2)
  A worm (D:3)
  2 dart slugs
  18 orcs
  A bat skeleton (D:2)
  8 endoplasms
  3 giant cockroaches
  7 goblins
  3 hobgoblins
  10 jackals
  5 kobolds
  4 quokkas
  9 ball pythons
  2 bats
  A frilled lizard (D:2)
  2 goblin zombies (Ossuary)
  8 hobgoblin zombies (Ossuary)
  2 jackal zombies (Ossuary)
  9 kobold zombies (Ossuary)
  9 orc zombies (Ossuary)
  3 rats
  2 rat zombies (Ossuary)
147 creatures vanquished.

Vanquished Creatures (others)
  2 orc wizards (D:4)
  A plant (D:3)
  4 withered plants (D:2)
7 creatures vanquished.

Grand Total: 154 creatures vanquished

Notes
Turn   | Place    | Note
-------+----------+-------------------------------------------
     0 | D:1      | Iusername the Minotaur Fighter began the quest for the Orb.
     0 | D:1      | Reached XP level 1. HP: 19/19 MP: 0/0
    60 | D:1      | Reached XP level 2. HP: 27/27 MP: 1/1
   828 | D:2      | Reached XP level 3. HP: 33/33 MP: 2/2
  1148 | D:3      | Noticed Terence
  1153 | D:3      | Killed Terence
  1154 | D:3      | Reached XP level 4. HP: 40/41 MP: 3/3
  1445 | D:3      | Reached XP level 5. HP: 35/47 MP: 4/4
  1639 | D:3      | Found a faded altar of an unknown god.
  2432 | D:4      | Reached skill level 5 in Fighting
  2432 | D:4      | Reached skill level 5 in Armour
  2606 | D:4      | Reached skill level 5 in Shields
  2662 | D:4      | Reached XP level 6. HP: 56/56 MP: 5/5
  2963 | D:4      | Found a shimmering blue altar of Sif Muna.
  3214 | D:5      | Entered Level 5 of the Dungeon
  3258 | D:5      | Reached skill level 5 in Axes
  3258 | D:5      | Reached XP level 7. HP: 62/62 MP: 6/6
  3284 | D:5      | Found a sand-covered staircase.
  3289 | Ossuary  | Entered an ossuary
  3879 | D:5      | Reached XP level 8. HP: 7/71 MP: 7/7
  4265 | D:5      | Found an opulent altar of Gozag.
  4404 | D:5      | Became a worshipper of Gozag Ym Sagoz the Greedy
  4554 | D:6      | Noticed a two-headed ogre
  4564 | D:6      | Mangled by a two-headed ogre

Illustrated notes

Levels and vault maps discovered:
D:1:      nzn_arrival_crosshair, layout_rooms, minmay_misc_feat_ornament
D:2:      layout_loops_ring, serial_undead, serial_undead_c, serial_undead_b,
          serial_undead_b, serial_undead_f
D:3:      layout_loops_ring, shapermc_ecumenical_altar_petra, hex_large,
          st_stairs_9, dk_noncrumbling_4, uniq_terence
D:4:      layout_gridville, led_sif_book
D:5:      layout_cave_pods, marbit_many_paths,
          nicolae_ossuary_entry_false_entrances, minmay_misc_feat_hallway
D:6:      layout_cave_pods, chequers_temple_overflow_statue_of_worship,
          elyvilon_altar_1, temple_fountains

Skill      XL: |  1  2  3  4  5  6  7  8 |
---------------+-------------------------+-----
Armour         | 4 5 6 7 |  7.0
Fighting       | 4 5 6 7 |  7.0
Shields        | 4 5 6 7 |  7.0
Axes           | 3 4 5 6 |  6.5

Action                   |  1- 3 |  4- 6 |  7- 9 || total
-------------------------+-------+-------+-------++-------
Melee: War axe           |    64 |   109 |   104 ||   277
       Headbutt          |     5 |    11 |    17 ||    33
  Use: Potion            |       |     1 |     4 ||     5
       Scroll            |       |    14 |       ||    14
Armor: Scale mail        |    22 |    57 |    60 ||   139
Dodge: Dodged            |    24 |    59 |    45 ||   128
Block: Buckler           |    19 |    24 |    24 ||    67

Table legend: (Time is in decaauts)
 A = Elapsed time spent in this place.
 B = Non-inter-level travel time spent in this place.
 C = Inter-level travel time spent in this place.
 D = Time resting spent in this place.
 E = Time spent auto-exploring this place.
 F = Levels seen in this place.
 G = Mean time per level.
                   A        B        C        D        E       F      G
               +--------+--------+--------+--------+--------+-----+--------+
         Total |   4652 |   4429 |    223 |    764 |   2879 |   7 |  664.6 |
       Dungeon |   4443 |   4220 |    223 |    764 |   2766 |   6 |  740.5 |
       Ossuary |    208 |    208 |      0 |      0 |    113 |   1 |  208.0 |
               +--------+--------+--------+--------+--------+-----+--------+

Top non-repeatable levels by time:
     D:3: 1279 daAuts
     D:5: 1067 daAuts
     D:4: 846 daAuts
     D:2: 692 daAuts
     D:1: 457 daAuts
 Ossuary: 208 daAuts
     D:6: 99 daAuts
